 Dungeon Crawl Stone Soup version 0.31.0-12-g77e489cdc1 (webtiles) character file.

Game seed: 11703274160116505518

31 112233 the Ducker (level 3, 0/26 HPs)
             Began as an Octopode Fighter on Feb 18, 2024.
             Slain by a gnoll
             ... wielding a +0 whip
              (9 damage)
             ... on level 2 of the Dungeon.
             The game lasted 00:01:03 (1020 turns).

112233 the Ducker (Octopode Fighter)                Turns: 1020, Time: 00:01:03

Health: 0/26       AC:  1    Str: 15    XL:     3   Next: 22%
Magic:  3/3        EV: 13    Int: 12    God:
Gold:   77         SH:  4    Dex: 11    Spells: 2/2 levels left

rFire   . .          .
                       - Unarmed
rCold   . . .        a - +0 buckler
rNeg    . . .        (helmet restricted)
rPois   .            (no amulet)
rElec   .            (no ring)
rCorr   .            (no ring)
SInv    .            (no ring)
Will    .....        (no ring)
Stlth   ++           (no ring)
HPRegen 0.24/turn    (no ring)
MPRegen 0.08/turn    (no ring)
                     (no ring)

%: no passive effects
@: mighty, attractive
A: almost no armour, amphibious, 8 rings, camouflage 1, gelatinous body 1,
(nimble swimmer 1), tentacles
a: no special abilities


You were on level 2 of the Dungeon.
You visited 1 branch of the dungeon, and saw 2 of its levels.

You collected 77 gold pieces.

Inventory:

Armour
 a - a +0 buckler (worn)
Scrolls
 d - 2 scrolls of identify {unknown}
 e - a scroll of vulnerability {unknown}
 f - 2 scrolls of fear {unknown}
 g - a scroll of silence {unknown}


   Skills:
 + Level 3.3 Fighting
 + Level 3.3 Dodging
 + Level 3.3 Shields
 * Level 2.4 Unarmed Combat


You had 2 spell levels left.
You didn't know any spells.
Your spell library contained the following spells:

 Spells                   Type           Power      Damage    Failure   Level
 Freeze                   Ice            0%         1d3       41%         1
 Frozen Ramparts          Ice            0%         1d1       78%         3
 Hailstorm                Conj/Ice       0%         3d5       78%         3


Dungeon Overview and Level Annotations

Branches:
Dungeon (2/15)

Altars:


Innate Abilities, Weirdness & Mutations

You cannot wear most types of armour.
You are amphibious.
You can wear up to eight rings at the same time.
Your skin changes colour to match your surroundings (Stealth+).
Your rubbery body absorbs attacks. (AC +1, EV +1)
((You are camouflaged when in or above water. (Stealth+)))
You have tentacles for arms and can constrict up to eight enemies at once.


Message History

There are monsters nearby!
The goblin shouts!
You hear a shout!
The jackal barks!
The jackal bites you.
A hobgoblin comes into view.
The jackal closely misses you.
The jackal barks!
You hear a shout!
There are monsters nearby!
You barely miss the jackal.
The jackal barks!
Your grab misses the jackal. The jackal bites you.
The bat hits you but does no damage.
There are monsters nearby!
You tentacle-slap the bat.
You kill the bat!
The jackal bites you but does no damage.
A gnoll comes into view. It is wielding a +0 whip.
The jackal closely misses you.
There are monsters nearby!
You tentacle-slap the jackal. You grab the jackal.
The jackal is moderately wounded.
You constrict the jackal.
You lose your grip on the jackal.
You closely miss the hobgoblin. Your grab misses the hobgoblin.
The jackal barely misses you.
You tentacle-slap the hobgoblin but do no damage.
Your grab misses the hobgoblin. Your squeeze misses the hobgoblin.
The hobgoblin hits you. The goblin misses you. The jackal bites you.
The hobgoblin hits you. You block the gnoll's attack. The jackal bites you.
You see here a beast talisman.
Unknown command.
A gnoll comes into view. It is wielding a +0 club.
The gnoll attacks as it pursues you! The gnoll hits you with a +0 whip!
Unknown command.
The gnoll attacks as it pursues you! You block the gnoll's attack.
It was a potion of attraction.
You feel attractive to monsters. The gnoll closely misses you.
The gnoll is attracted toward you.
Unknown command.
You feel very mighty all of a sudden. The gnoll hits you with a +0 whip!
You die...

#....###...###
##.....##....##
#<.#.####.##..#
..##..##..###.#
#####....## #.## ####
###...#### #..### .....
#...#.# ##.[.# .....
..###.# ###.# ......
†####.. #@###......
....#### ## #g#g†=.....
###..[# .# #hh........
###.####.####.gg.#......
#..##.....>.g.## ..... #
##.##....##.#.# #### #
#..#....#..#§#
#######.#......##..
......#....######..


You could see 2 gnolls, 2 jackals, a hobgoblin and a goblin.

Vanquished Creatures
  A gnoll (D:1)
  4 bats
  An endoplasm (D:1)
  2 giant cockroaches (D:1)
  A goblin (D:1)
  3 hobgoblins
  2 kobolds
  3 ball pythons (D:1)
  A frilled lizard (D:2)
  A rat (D:2)
19 creatures vanquished.

Notes
Turn   | Place    | Note
-------+----------+-------------------------------------------
     0 | D:1      | 112233 the Octopode Fighter began the quest for the Orb.
     0 | D:1      | Reached XP level 1. HP: 16/16 MP: 1/1
   123 | D:1      | Reached XP level 2. HP: 6/21 MP: 2/2
   552 | D:1      | Reached XP level 3. HP: 26/26 MP: 3/3
  1020 | D:2      | Slain by a gnoll

Illustrated notes

Levels and vault maps discovered:
D:1:      lemuel_arrival_behind_the_door_large, layout_loops_ring
D:2:      layout_rooms, shapermc_ecumenical_altar_rom_forum

Action                     || total
---------------------------++-------
  Melee: Unarmed           ||    48
         Constrict         ||    12
         Tentacles         ||     8
    Use: Potion            ||     2
   Stab: Sleeping          ||     5
 Armour: Skin              ||    24
  Dodge: Dodged            ||    31
  Block: Buckler           ||     5
